[Event "Sautron op 15th"]
[Site "Sautron"]
[Date "2015.10.24"]
[Round "8.2"]
[White "Libiszewski, Fabien"]
[Black "Swayams, Mishra"]
[Result "1/2-1/2"]
[ECO "A08"]
[WhiteElo "2523"]
[BlackElo "2444"]
[Annotator "RR"]
[PlyCount "48"]
[EventDate "2015.10.24"]
[EventType "swiss"]
[EventRounds "9"]
[EventCountry "FRA"]
[SourceTitle "CBM 169 Extra"]
[Source "ChessBase"]
[SourceDate "2015.12.18"]
[SourceVersion "1"]
[SourceVersionDate "2015.12.18"]
[SourceQuality "1"]
[TimeControl "40/5400+30:1800+30"]
[WhiteClock "0:35:27"]
[BlackClock "1:21:50"]

1. g3 d5 2. Nf3 c5 3. Bg2 Nc6 4. O-O e5 5. d3 Nf6 6. Nbd2 Be7 7. e4 d4 {[%emt 0:00:29] Une
Petrossian en premier!} 8. Nc4 Qc7 9. a4 Be6 (9... O-O 10. Nh4 Ne8 11. Nf5 Be6 12. b3
Nd6 13. f4 Nxf5 14. exf5 Bxf5 15. fxe5 Be6 16. Bf4 Qd7 17. Qd2 Bd5 18. Rae1 Nb4
19. Bxd5 Nxd5 20. Bg5 Rae8 21. Re4 Nc3 22. Ree1 Nd5 23. Re4 Bxg5 24. Qxg5 Re6
25. Re2 b6 26. Ref2 h6 27. Qh5 Qe7 28. Qf3 Ne3 29. Nxe3 dxe3 30. Qxe3 Rxe5 31.
Qf4 a5 32. Qc4 Qe6 {1/2-1/2 (32) Ni,H (2681)-Zvjaginsev,V (2658) Taiyuan 2007})
10. b3 Nd7 11. Ng5 Bxg5 12. Bxg5 f6 13. Bd2 h5 $5 14. f4 h4 15.
f5 Bxc4 16. bxc4 hxg3 17. hxg3 a5 $1 (17... O-O-O
$143 18. a5) 18. g4 O-O-O 19. g5 Nb4 20. g6 Rh4 21. Be1 Rh6 22. Bd2 Rh4 23. Be1 Rh6 24. Bd2 Rh4 1/2-1/2